 Dungeon Crawl Stone Soup version 0.24-a0-373-g39439d866b (webtiles) character file.

Game seed: 7315844402969265744

51039 Noname the Jinx (level 14, -21/77 HPs)
             Began as a Vine Stalker Wanderer on May 29, 2019.
             Was the Champion of Dithmenos.
             Demolished by a tyrant leech (29 damage)
             ... on level 6 of the Lair of Beasts on May 30, 2019.
             The game lasted 01:19:19 (19762 turns).

Noname the Jinx (Vine Stalker Wanderer)            Turns: 19762, Time: 01:19:21

Health: -21/77     AC: 11    Str: 16    XL:     14   Next: 57%
Magic:  0/25       EV:  9    Int: 14    God:    Dithmenos [******]
Gold:   509        SH: 10    Dex: 13    Spells: 15/26 levels left

rFire    + + .     SeeInvis .   b - +3 demon blade (flame)
rCold    + . .     Gourm    .   R - +0 shield
rNeg     + + +     Faith    .   V - +3 ring mail "Xacying" {rElec rPois rF+ rN++ Dex-3}
rPois    +         Spirit   +   g - +0 helmet
rElec    +         Reflect  .   h - scarf {rC+ rF+}
rCorr    .         Harm     .   n - +0 pair of gloves
MR       +....                  (no boots)
Stlth    ++++++++..             (no amulet)
HPRegen  1.02/turn              o - ring of stealth
MPRegen  0.19/turn              E - ring of positive energy

@: very slightly contaminated, slowed, wreathed by umbra, studying Slings, very
slow
A: fangs 3, regeneration 2, magic shield, antimagic bite, no potion heal 3, rot
immunity
a: Shadow Step, Shadow Form, Renounce Religion


You were on level 6 of the Lair of Beasts.
You worshipped Dithmenos.
Dithmenos was exalted by your worship.
You were very hungry.

You visited 4 branches of the dungeon, and saw 19 of its levels.
You also visited: Sewer, Gauntlet and Volcano.

You collected 1138 gold pieces.
You spent 629 gold pieces at shops.

Inventory:

Hand Weapons
 a - a +0 vampiric dagger
 b - a +3 demon blade of flaming (weapon)
 L - the +8 dagger of Umekh {flame, rElec}
   (You found it on level 8 of the Dungeon)

   It has been specially enchanted to burn those struck by it, causing extra
   injury to most foes and up to half again as much damage against particularly
   susceptible opponents.
   It insulates you from electricity.
 N - a +1 dagger of draining
Missiles
 m - 24 boomerangs (quivered)
 t - 98 bolts
 v - a throwing net {!f =f}
 M - 2 atropa-tipped darts
 W - 8 curare-tipped darts {!f =f}
 Z - 16 javelins
Armour
 g - a +0 helmet (worn)
 h - a scarf of resistance (worn)
 n - a +0 pair of gloves (worn)
 C - the -6 pair of boots of the Monkey's Uncle {Dex+4 Slay+3}
   (You found it on level 5 of the Dungeon)

   It affects your dexterity (+4).
   It affects your accuracy and damage with ranged weapons and melee attacks
   (+3).
 K - the +3 scale mail of the Lost Path {rF+ Int+4}
   (You found it in a Gauntlet)

   It affects your intelligence (+4).
   It protects you from fire.
 R - a +0 shield (worn)
 S - a +0 robe of magic resistance
 V - the +3 ring mail "Xacying" (worn) {rElec rPois rF+ rN++ Dex-3}
   (You bought it in a shop on level 11 of the Dungeon)

   It affects your dexterity (-3).
   It protects you from fire.
   It insulates you from electricity.
   It protects you from poison.
   It greatly protects you from negative energy.
Jewellery
 o - a ring of stealth (left hand)
 E - a ring of positive energy (right hand)
 O - the ring of Kikubaaqudgha's Pride {rF+ rC+ MR- Str+5}
   (You found it in a Gauntlet)

   [ring of protection from cold]

   It affects your strength (+5).
   It protects you from fire.
   It protects you from cold.
   It affects your resistance to hostile enchantments.
Wands
 j - a wand of polymorph (9)
 J - a wand of paralysis (13)
 T - a wand of scattershot (3)
 X - a wand of digging (5)
Scrolls
 c - a scroll of silence {unknown}
 e - 3 scrolls of enchant weapon {unknown}
 k - 9 scrolls of fear {unknown}
 l - 4 scrolls of magic mapping {unknown}
 q - 9 scrolls of remove curse {unknown}
 s - a scroll of acquirement {unknown}
 y - 12 scrolls of teleportation {unknown}
 z - 5 scrolls of fog {unknown}
 A - 8 scrolls of blinking {unknown}
 F - 4 scrolls of enchant armour {unknown}
 Q - 2 scrolls of immolation {!r}
 Y - a scroll of vulnerability
Potions
 i - 3 potions of lignification
 p - a potion of berserk rage {unknown}
 r - a potion of might {unknown}
 u - 7 potions of curing
 w - 4 potions of invisibility
 B - 3 potions of brilliance
 D - 3 potions of ambrosia
 H - 3 potions of agility
 I - 4 potions of haste
Books
 U - a manual of Slings
Miscellaneous
 d - a phial of floods
 P - a lamp of fire (inert)
Comestibles
 f - 30 rations
 G - 3 chunks of flesh


   Skills:
 + Level 10.4 Fighting
 - Level 10.0(10.4) Short Blades
 * Level 5.0(8.2) Long Blades
 + Level 6.0 Armour
 - Level 1.5 Dodging
 - Level 8.6 Stealth
 * Level 6.9 Shields
 - Level 6.9 Spellcasting
 + Level 1.2 Conjurations
 - Level 12.7 Hexes
 - Level 3.1 Translocations
 + Level 3.1 Invocations
 - Level 1.0 Evocations


You had 15 spell levels left.
You knew the following spells:

 Your Spells              Type           Power        Failure   Level  Hunger
a - Confusing Touch       Hex            #####.       1%          1    None
b - Confuse               Hex            #####...     1%          3    ##.....
c - Dazzling Spray        Conj/Hex       ###...       12%         3    ##.....
B - Blink                 Tloc           N/A          30%         2    #......
S - Swiftness             Chrm/Air       #.......     73%         2    #......

Your spell library contained the following spells:

 Spells                   Type           Power        Failure   Level  Hunger
 Slow                     Hex            #####...     1%          2    #......
 Fulminant Prism          Conj/Hex       ###.......   38%         4    ####...
 Magic Dart               Conj           #...         41%         1    None
 Shock                    Conj/Air       #...         50%         1    None
 Gell's Gravitas          Tloc           ##........   52%         3    ##.....
 Searing Ray              Conj           #.....       54%         2    #......
 Beastly Appendage        Tmut           #.....       58%         1    None
 Freeze                   Ice            #...         58%         1    None
 Throw Frost              Conj/Ice       #.....       63%         2    #......
 Call Imp                 Summ           #.......     73%         2    #......
 Sticks to Snakes         Tmut           #.......     73%         2    #......
 Metabolic Englaciation   Hex/Ice        ###.......   82%         5    ######.
 Yara's Violent Unravell  Hex/Tmut       ###.......   82%         5    ######.
 Conjure Flame            Conj/Fire      #.......     86%         3    ##.....
 Static Discharge         Conj/Air       #.......     86%         3    ##.....
 Mephitic Cloud           Conj/Pois/Air  #.......     88%         3    ##.....
 Ozocubu's Armour         Chrm/Ice       #.......     91%         3    ##.....
 Spider Form              Tmut/Pois      #.........   91%         3    ##.....
 Force Lance              Conj/Tloc      ##......     96%         4    ####...
 Iskenderun's Mystic Bla  Conj           #.......     99%         4    ####...
 Throw Icicle             Conj/Ice       #.......     99%         4    ####...
 Airstrike                Air            #.........   100%        4    ####...
 Ice Form                 Ice/Tmut       #.......     100%        4    ####...
 Petrify                  Tmut/Erth      #.......     100%        4    ####...
 Summon Ice Beast         Ice/Summ       #.......     100%        4    ####...
 Blade Hands              Tmut           #.........   100%        5    ######.
 Bolt of Magma            Conj/Fire/Erth #.........   100%        5    ######.
 Iskenderun's Battlesphe  Conj/Chrm      #.......     100%        5    ######.
 Lightning Bolt           Conj/Air       #.........   100%        5    ######.
 Venom Bolt               Conj/Pois      #.........   100%        5    ######.
 Iron Shot                Conj/Erth      #.........   100%        6    #######
 Orb of Destruction       Conj           #.........   100%        7    #######
 Spellforged Servitor     Conj/Summ      #.........   100%        7    #######


Dungeon Overview and Level Annotations

Branches:
Dungeon (11/15)            Temple (1/1) D:6            Lair (6/6) D:10
  Swamp (0/4) Lair:4        Snake (0/4) Lair:3        Slime (0/5) Lair:6
    Orc (1/2) D:10

Altars:
Dithmenos
Elyvilon
Hepliaklqana
Sif Muna
Xom

Shops:
D:11 [

Annotations:
D:4 1 runed translucent door, Crazy Yiuf
D:8 2 transporters
Lair:1 2 transporters, Azzok's ghost, novice FeTm
Lair:2 exclusion: 2 oklob plants
Lair:5 1 runed translucent door, Cofemuv's ghost, journeyman NaFi; Nessos; Rupert
Lair:6 1 runed translucent door


Innate Abilities, Weirdness & Mutations

You have razor-sharp teeth.
You heal very quickly.
When hurt, damage is shared between your health and your magic reserves.
Your bite disrupts and absorbs the magic of your enemies.
Potions cannot restore your health.
You are immune to rotting.


Message History

Aim: a tyrant leech (lightly wounded, umbra, chance to defeat MR: 50%)
The tyrant leech resists with some effort.
Your shadow mimicks your spell!
The tyrant leech easily resists.
The tyrant leech bites you!!
* * * LOW HITPOINT WARNING * * *
Something bites the plant!!
The plant is destroyed!
Being near the torpor snail leaves you feeling lethargic.
You take 20 damage, and have 7/77 hp.
MASSIVE DAMAGE!!
You now have 0/25 mp.
Okay, then.
Evoke which item? (* to show all) (? for menu, Esc to quit)
Aiming: Paralyse
Press: ? - help, Shift-Dir - straight line, f/p - tyrant leech
Aim: a tyrant leech (lightly wounded, umbra, chance to defeat MR: 31%)
Okay, then.
Evoke which item? (* to show all) (? for menu, Esc to quit)
You open the lid... ...and a juvenile batsting beast flies out!
The now-empty box falls apart.
The tyrant leech bites you!!
You die...

#......#. ###...#+# .)....# ##
#...####D$ .....# ##..# $.$
###.. ###..## $$$# .# #....###
$$# .#P. ## ##w.##.## $## ....
##.w#..## ###...
##w..#.#####P.....
#@........##..# ..
#H.P......#...##..
###P....#......#..
#..#...##.....#.#
#####............## #########
#.## #.............. #...#.#.#
##...# #....##........
#.#..#.###....####.............
#..............###.............


You could see a tyrant leech, a torpor snail and a friendly juvenile batsting
beast.

Vanquished Creatures
  An entropy weaver (Gauntlet)
  A minotaur (Gauntlet)
  Josephine (D:10)
  4 hydras
  A catoblepas (Gauntlet)
  3 two-headed ogres
  6 death yaks
  Sonja (Lair:1)
  An unseen horror (D:10)
  2 lindwurms (Volcano)
  4 orc sorcerers
  An orc knight (D:10)
  2 wolf spiders
  A cyclops (D:8)
  Joseph (D:10)
  6 black mambas
  A torpor snail (Lair:6)
  3 molten gargoyles (Volcano)
  3 gargoyles
  A centaur skeleton (D:11)
  12 spiny frogs
  3 efreet (Volcano)
  5 komodo dragons
  A troll (D:10)
  Prince Ribbit (D:7)
  A polar bear (Lair:2)
  A tyrant leech (Lair:6)
  4 dream sheep (Lair:4)
  7 hornets
  17 blink frogs
  4 hippogriffs
  A redback (Lair:6)
  A spriggan (D:7)
  30 yaks
  6 wyverns
  5 wraiths (D:9)
  2 basilisks (Lair:3)
  3 fire elementals (Volcano)
  A hungry ghost (D:9)
  Menkaure (D:7)
  3 wargs
  19 water moccasins
  5 porcupines
  An ice beast (D:10)
  7 orc warriors
  3 phantoms
  4 sky beasts
  4 ogres
  2 necrophages
  9 wolves
  A centaur (D:6)
  14 crocodiles
  A big kobold (D:8)
  Blork the orc (D:4)
  12 bullfrogs
  A gnoll sergeant (D:9)
  A wyvern zombie (D:9)
  3 earth elementals (Volcano)
  16 killer bees
  7 scorpions
  7 wights
  2 howler monkeys
  An electric eel (Lair:6)
  A crimson imp (D:5)
  16 jellies
  A centaur zombie (D:11)
  9 orc priests
  7 hounds
  13 orc wizards
  4 iguanas
  11 worker ants
  2 hound skeletons
  10 gnolls
  A howler monkey zombie (D:9)
  3 river rats
  11 adders
  5 shadow imps
  2 oozes (Lair:6)
  2 adder skeletons
  An adder zombie (D:9)
  4 worms
  A dart slug (D:1)
  9 leopard geckos
  49 orcs
  6 ball pythons
  2 giant cockroaches (D:2)
  6 goblins
  6 hobgoblins
  11 jackals
  13 kobolds
  A quokka (D:6)
  14 bats
  11 frilled lizards
  A quokka skeleton (D:8)
  11 rats
  A fire vortex (Volcano)
  A fungus (Lair:5)
520 creatures vanquished.

Vanquished Creatures (collateral kills)
  An ugly thing (D:11)
  A hippogriff (D:11)
  A centaur (D:11)
  A bullfrog (D:11)
  A worker ant (D:11)
  An adder (D:11)
6 creatures vanquished.

Vanquished Creatures (others)
  A jumping spider (Gauntlet)
  A bush (Lair:5)
  2 fire vortices (Volcano)
  11 fungi
  32 plants
47 creatures vanquished.

Grand Total: 573 creatures vanquished

Notes
Turn   | Place    | Note
-------+----------+-------------------------------------------
     0 | D:1      | Noname the Vine Stalker Wanderer began the quest for the
                  | Orb.
     0 | D:1      | Noname set off with the following items: a +2 dagger, a
                  | potion of haste, a +0 quarterstaff, a +0 spear, a +0 robe,
                  | a ration
     0 | D:1      | Reached XP level 1. HP: 14/14 MP: 2/2
   213 | D:1      | Reached XP level 2. HP: 18/18 MP: 3/3
   321 | D:1      | Reached skill level 1 in Armour
   833 | D:2      | Reached XP level 3. HP: 22/22 MP: 4/4
   972 | D:2      | Learned a level 1 spell: Confusing Touch
  1031 | D:2      | Reached skill level 5 in Fighting
  1429 | D:2      | Found a shadowy altar of Dithmenos.
  1544 | D:2      | Gained mutation: Your natural rate of healing is unusually
                  | fast. [Vine Stalker growth]
  1544 | D:2      | Reached XP level 4. HP: 22/27 MP: 5/5
  1702 | D:3      | Reached skill level 1 in Hexes
  1732 | D:3      | Reached skill level 1 in Short Blades
  1953 | D:3      | Reached XP level 5. HP: 30/30 MP: 6/6
  1968 | D:3      | Reached skill level 2 in Hexes
  2381 | D:3      | Found a hazy altar of Hepliaklqana.
  2393 | D:3      | Found a deep blue altar of Sif Muna.
  2473 | D:2      | Became a worshipper of Dithmenos the Shadowed
  2590 | D:4      | Reached XP level 6. HP: 32/35 MP: 7/7
  2595 | D:4      | Learned a level 3 spell: Confuse
  2681 | D:4      | Reached skill level 3 in Hexes
  2779 | D:4      | Found a runed translucent door.
  2780 | D:4      | Noticed Crazy Yiuf
  3066 | D:4      | Noticed Blork the orc
  3130 | D:4      | Killed Blork the orc
  3130 | D:4      | Reached XP level 7. HP: 39/39 MP: 8/8
  3282 | D:5      | Entered Level 5 of the Dungeon
  3626 | D:5      | Found a glowing drain.
  3656 | Sewer    | Entered a sewer
  3667 | Sewer    | Reached skill level 4 in Hexes
  3700 | Sewer    | Reached * piety under Dithmenos
  4160 | D:5      | Gained mutation: You have razor-sharp teeth. [Vine Stalker
                  | growth]
  4160 | D:5      | Reached XP level 8. HP: 39/44 MP: 9/9
  4175 | D:5      | Got a pair of encrusted boots
  4181 | D:5      | Identified the -6 pair of boots of the Monkey's Uncle
                  | {Dex+4 Slay+3} (You found it on level 5 of the Dungeon)
  4856 | D:6      | Found a staircase to the Ecumenical Temple.
  4865 | Temple   | Entered the Ecumenical Temple
  4973 | D:6      | Reached skill level 5 in Hexes
  5104 | D:5      | Reached ** piety under Dithmenos
  5148 | D:5      | Reached skill level 5 in Short Blades
  5180 | D:6      | Reached XP level 9. HP: 48/48 MP: 10/10
  5245 | D:6      | Reached skill level 5 in Stealth
  5619 | D:6      | Reached skill level 6 in Hexes
  5654 | D:7      | Noticed Menkaure
  5804 | D:7      | Noticed Prince Ribbit
  5814 | D:7      | Killed Prince Ribbit
  5850 | D:7      | Killed Menkaure
  5972 | D:7      | Reached *** piety under Dithmenos
  6343 | D:7      | Reached skill level 7 in Hexes
  6775 | D:8      | Reached XP level 10. HP: 49/53 MP: 9/11
  6989 | D:8      | Found a transporter.
  6995 | D:8      | Found a transporter.
  6998 | D:8      | Noticed a centaur warrior
  7000 | D:8      | Found a white marble altar of Elyvilon.
  7183 | D:8      | Got a translucent dagger
  7328 | D:8      | Noticed a cyclops
  7793 | D:9      | Reached **** piety under Dithmenos
  7980 | D:9      | Noticed a two-headed ogre
  8012 | D:9      | Reached skill level 8 in Hexes
  8077 | D:9      | Killed a two-headed ogre
  8117 | D:9      | Reached skill level 5 in Armour
  8741 | D:8      | Killed a cyclops
  8779 | D:10     | Entered Level 10 of the Dungeon
  8781 | D:10     | Found a staircase to the Lair.
  8914 | D:10     | Noticed Josephine
  8932 | D:9      | Reached XP level 11. HP: 23/58 MP: 8/12
  9097 | D:9      | Reached ***** piety under Dithmenos
  9191 | D:9      | Reached skill level 9 in Hexes
  9570 | D:10     | Killed Josephine
  9654 | D:10     | Found a staircase to the Orcish Mines.
  9834 | D:10     | Noticed Joseph
  9951 | D:10     | Killed Joseph
  9998 | D:10     | Noticed a two-headed ogre
 10009 | D:10     | Killed a two-headed ogre
 10558 | D:11     | Identified the +8 dagger of Umekh {flame, rElec} (You found
                  | it on level 8 of the Dungeon)
 10594 | Orc:1    | Entered Level 1 of the Orcish Mines
 10597 | Orc:1    | Noticed an orc knight
 10600 | Orc:1    | Noticed an orc sorcerer
 10703 | D:11     | Noticed a red ugly thing
 10719 | D:11     | Killed a red ugly thing
 10807 | D:11     | Found Carim's Armour Emporium.
 10917 | D:11     | Reached skill level 1 in Shields
 10951 | D:11     | Reached skill level 1 in Spellcasting
 11151 | D:11     | Reached skill level 10 in Hexes
 11271 | D:11     | Noticed a two-headed ogre
 11281 | D:11     | Killed a two-headed ogre
 11281 | D:11     | Gained mutation: You heal very quickly. [Vine Stalker
                  | growth]
 11281 | D:11     | Reached XP level 12. HP: 50/65 MP: 10/16
 12142 | D:11     | Bought the +3 ring mail "Xacying" {rElec rPois rF+ rN++
                  | Dex-3} for 629 gold pieces
 12262 | Lair:1   | Entered Level 1 of the Lair of Beasts
 12330 | Lair:1   | Found a transporter.
 12331 | Lair:1   | Found a transporter.
 12331 | Lair:1   | Noticed Azzok's ghost (novice FeTm)
 12720 | Lair:1   | Noticed Sonja
 12760 | Lair:1   | Killed Sonja
 12843 | Lair:1   | Reached skill level 10 in Short Blades
 13152 | Lair:2   | Noticed a five-headed hydra
 13170 | Lair:2   | Reached skill level 11 in Hexes
 13270 | Lair:2   | Noticed an eight-headed hydra
 13286 | Lair:2   | Killed an eight-headed hydra
 13841 | Lair:2   | Learned a level 2 spell: Blink
 13844 | Lair:2   | Learned a level 2 spell: Swiftness
 14176 | Lair:2   | Killed a five-headed hydra
 14413 | Lair:3   | Reached XP level 13. HP: 65/70 MP: 15/20
 14781 | Lair:3   | Reached skill level 5 in Spellcasting
 14911 | Lair:3   | Found a shimmering altar of Xom.
 14928 | Lair:3   | Found a staircase to the Snake Pit.
 15031 | Lair:3   | Reached skill level 12 in Hexes
 15337 | Lair:3   | Upgraded the game from 0.24-a0-368-g0e0cebd0f3 to
                  | 0.24-a0-373-g39439d866b
 15555 | Lair:4   | Reached skill level 5 in Shields
 15567 | Lair:4   | Reached skill level 1 in Translocations
 15644 | Lair:4   | Found a staircase to the Swamp.
 15830 | Lair:4   | Reached ****** piety under Dithmenos
 16161 | Lair:5   | Found a dark tunnel.
 16197 | Volcano  | Entered a volcano
 16609 | Volcano  | Reached skill level 1 in Long Blades
 16765 | Lair:5   | Noticed Rupert
 16819 | Lair:5   | Found a runed translucent door.
 16820 | Lair:5   | Noticed Cofemuv's ghost (journeyman NaFi)
 16824 | Lair:5   | Identified the +2 spear "Inefom" {holy, rF+ Dex+5}
 17379 | Lair:5   | Noticed Nessos
 17603 | Lair:4   | Reached skill level 10 in Fighting
 17837 | Lair:5   | Reached skill level 1 in Invocations
 17837 | Lair:5   | Reached XP level 14. HP: 50/77 MP: 8/24
 18006 | Lair:6   | Entered Level 6 of the Lair of Beasts
 18096 | Lair:6   | Found a staircase to the Slime Pits.
 18304 | Lair:6   | Found a gate leading to a gauntlet.
 18315 | Gauntlet | Entered a Gauntlet
 18315 | Gauntlet | Found a transporter.
 18315 | Gauntlet | Found a transporter.
 18330 | Gauntlet | Found a transporter.
 18330 | Gauntlet | Found a transporter.
 18340 | Gauntlet | Found a transporter.
 18346 | Gauntlet | Noticed an entropy weaver
 18347 | Gauntlet | Found a transporter.
 18350 | Gauntlet | Found a transporter.
 18353 | Gauntlet | Found a transporter.
 18359 | Gauntlet | Found a transporter.
 18397 | Gauntlet | Found a transporter.
 18421 | Gauntlet | Found a transporter.
 18433 | Gauntlet | Found a transporter.
 18468 | Gauntlet | Found a transporter.
 18488 | Gauntlet | Found a transporter.
 18581 | Gauntlet | Found a transporter.
 18595 | Gauntlet | Found a transporter.
 18697 | Gauntlet | Paralysed by a hornet for 1 turns
 18793 | Gauntlet | Got a jewelled scale mail
 18810 | Gauntlet | Identified the +3 scale mail of the Lost Path {rF+ Int+4}
                  | (You found it in a Gauntlet)
 18858 | Gauntlet | Killed an entropy weaver
 18926 | Gauntlet | Got a scorched brass ring
 19020 | Gauntlet | Identified the ring of Kikubaaqudgha's Pride {rF+ rC+ MR-
                  | Str+5} (You found it in a Gauntlet)
 19340 | Lair:6   | Learned a level 3 spell: Dazzling Spray
 19510 | Lair:6   | Reached skill level 1 in Conjurations
 19585 | Lair:6   | Reached skill level 5 in Long Blades
 19608 | Lair:6   | Paralysed by a hornet for 3 turns
 19696 | Lair:6   | Found a runed translucent door.
 19762 | Lair:6   | Demolished by a tyrant leech

Levels and vault maps discovered:
D:1:      dpeg_arrival_connections, layout_loops_ring, chequers_jeans
D:2:      layout_rooms, old_standard_altar
D:3:      layout_rooms, minitemple
D:4:      layout_loops_ring, uniq_blork_the_orc, uniq_crazy_yiuf_cottage
D:5:      layout_basic, first_ration, portal_sewer_entry_b
D:6:      layout_loops_cross, temple_statues
D:7:      layout_loops_ring, grunt_ministairs_10, the_bakery,
          ebering_dispersal_statue_hall, uniq_prince_ribbit1, uniq_menkaure
D:8:      layout_layer_cave, gammafunk_temple_overflow_arena
D:9:      layout_roguey
D:10:     layout_long_grid, erik_lair_orcish_takeover, orc_0_dummy,
          uniq_josephine, uniq_joseph
D:11:     layout_small_grid, serial_shops, shop
Temple:   dpeg_five_rooms_temple
Lair:1:   layout_roguey, gammafunk_ghost_hive, chequers_serial_rivers_micro_b,
          uniq_sonja
Lair:2:   layout_loops_ring, grunt_megastairs_1, serial_bayou_shore_b,
          minmay_lair_oklob_chamber, lemuel_fruit_fields
Lair:3:   cheibrodos_lair_river_kwai, layout_misc_corridors, dummy_snake_entry,
          basic_altar, serial_bayou_pond_e
Lair:4:   layout_gridlike, swamp_mist_pool, st_stairs_12
Lair:5:   layout_regular_city, nicolae_volcano_entry_lava_flow, serial_forest,
          infiniplex_forest_lined_room_, infiniplex_forest_corner_1,
          infiniplex_forest_clump_cross, infiniplex_forest_diagonal,
          infiniplex_forest_end_1, infiniplex_forest_clump_curved,
          infiniplex_forest_end_3, ebering_ghost_funeral_grove,
          lemuel_fruit_tree, uniq_rupert, uniq_nessos
Lair:6:   wormcave, layout_loops_ring, hangedman_lair_tendril_chambers,
          minmay_slime_entry_jelly_boxes, gauntlet_entry_generic,
          nicolae_quartered_pool_medium
Orc:1:    layout_caves, gammafunk_ghost_wrathful_warriors, serial_shops,
          nicolae_shop_window_shopping, shop, nicolae_shop_waterfront,
          nicolae_shop_window_shopping, shop_statue

Skill      XL: |  1  2  3  4  5  6  7  8  9 10 11 12 13 14 |
---------------+-------------------------------------------+-----
Armour         | 1 2 3 4 5 6 |  6.0
Fighting       | 5 6 7 8 9 10 | 10.4
Hexes          | 1 2 3 4 5 7 8 10 11 12 | 12.7
Short Blades   | 1 2 3 5 6 7 9 10 | 10.0
Stealth        | 3 4 6 7 8 |  8.6
Shields        | 1 4 6 |  6.9
Spellcasting   | 2 4 6 |  6.9
Translocations | 3 |  3.1
Long Blades    | 3 5 |  5.0
Invocations    | 1 3 |  3.1
Conjurations   | 1 |  1.2
Dodging        | |  1.5
Evocations     | |  1.0

Action                   |  1- 3 |  4- 6 |  7- 9 | 10-12 | 13-15 || total
-------------------------+-------+-------+-------+-------+-------++-------
Melee: Quarterstaff      |    58 |       |       |       |       ||    58
       Bite              |    29 |    71 |   150 |   269 |   227 ||   746
       Dagger            |    47 |   197 |   460 |   657 |   524 ||  1885
       Great sword       |       |       |     5 |    17 |       ||    22
       Scimitar          |       |       |       |   116 |    43 ||   159
       Demon blade       |       |       |       |       |    59 ||    59
Throw: Stone             |    11 |    42 |     1 |     7 |       ||    61
       Dart              |       |       |    29 |    44 |     3 ||    76
       Boomerang         |       |       |     7 |     9 |    15 ||    31
 Cast: Confusing Touch   |       |     4 |    13 |    16 |    19 ||    52
       Confuse           |       |       |     3 |    62 |   161 ||   226
       Dazzling Spray    |       |       |       |       |     8 ||     8
Evoke: Phial of floods   |       |       |       |     1 |     1 ||     2
       Lamp of fire      |       |       |       |       |     1 ||     1
       Box of beasts     |       |       |       |       |     1 ||     1
  Use: Scroll            |       |       |       |    11 |     3 ||    14
 Stab: Confused          |       |     4 |    12 |    41 |    94 ||   151
       Sleeping          |       |       |     8 |    18 |    32 ||    58
       Distracted        |       |       |       |       |     2 ||     2
       Invisible         |       |       |       |       |     3 ||     3
  Eat: Chunk             |     2 |     6 |    13 |    28 |     9 ||    58
       Ration            |       |       |       |     3 |     5 ||     8
Armor: Ring mail         |     2 |       |       |    36 |    95 ||   133
       Chain mail        |    58 |    40 |       |       |       ||    98
       Scale mail        |       |    40 |   162 |   229 |       ||   431
Dodge: Dodged            |    46 |    70 |   199 |   289 |   141 ||   745
Block: Shield            |       |       |       |    91 |   191 ||   282
       Rpst.: Great sword |       |       |     1 |     1 |       ||     2
       Scimitar          |       |       |       |    18 |     9 ||    27
       Demon blade       |       |       |       |       |     6 ||     6

Table legend:
 A = Non-vault XP
 B = Vault XP
 C = Vault XP percentage of total XP
 D = Non-vault monster count
 E = Vault monster count
 F = Vault count percentage of total count
                 A         B        C        D         E       F
            +---------+---------+-------+---------+---------+-------
      Total |   48610 |   24303 |  33.3 |     410 |     115 |  21.9
            +---------+---------+-------+---------+---------+-------
        D:1 |      24 |       0 |   0.0 |      14 |       0 |   0.0
        D:2 |      71 |       0 |   0.0 |      29 |       0 |   0.0
        D:3 |     186 |       0 |   0.0 |      34 |       0 |   0.0
        D:4 |     328 |      94 |  22.3 |      12 |       1 |   7.7
        D:5 |     771 |      26 |   3.3 |      23 |       4 |  14.8
        D:6 |    1154 |      55 |   4.5 |      29 |       1 |   3.3
        D:7 |     463 |     985 |  68.0 |      19 |       8 |  29.6
        D:8 |    1284 |       0 |   0.0 |      25 |       0 |   0.0
        D:9 |    3748 |    1540 |  29.1 |      52 |      10 |  16.1
       D:10 |    5071 |    1546 |  23.4 |      28 |       4 |  12.5
       D:11 |    3454 |       0 |   0.0 |      22 |       0 |   0.0
     Lair:1 |    2576 |     814 |  24.0 |      12 |       1 |   7.7
     Lair:2 |    4344 |    1347 |  23.7 |      17 |       5 |  22.7
     Lair:3 |    3765 |    2193 |  36.8 |      22 |       6 |  21.4
     Lair:4 |    7070 |     449 |   6.0 |      24 |       1 |   4.0
     Lair:5 |    6126 |     159 |   2.5 |      16 |       1 |   5.9
     Lair:6 |    6388 |    4803 |  42.9 |      28 |      32 |  53.3
      Orc:1 |    1787 |       0 |   0.0 |       4 |       0 |   0.0
      Sewer |       0 |      67 | 100.0 |       0 |      17 | 100.0
    Volcano |       0 |    4470 | 100.0 |       0 |      14 | 100.0
   Gauntlet |       0 |    5755 | 100.0 |       0 |      10 | 100.0
            +---------+---------+-------+---------+---------+-------
